 Dungeon Crawl Stone Soup version 0.20.1-1-g8b1a95d (webtiles) character file.

37 darkhara the Firebug (level 3, -1/24 HPs)
             Began as a Demonspawn Fire Elementalist on Sept 6, 2017.
             Slain by an orc
             ... wielding a +0 whip
              (4 damage)
             ... on level 2 of the Dungeon.
             The game lasted 00:05:05 (1098 turns).

darkhara the Firebug (Demonspawn Fire Elementalist) Turns: 1098, Time: 00:05:06

Health: -1/24      AC:  2    Str:  8      XL:     3   Next: 21%
Magic:  1/6        EV: 12    Int: 16 (17) God:
Gold:   89         SH:  0    Dex: 12 (13) Spells: 6/7 levels left

rFire    . . .     SeeInvis .   e - +0 dagger
rCold    + + .     Gourm    .   (no shield)
rNeg     . . .     Faith    .   a - +0 robe
rPois    .         Spirit   .   (no helmet)
rElec    .         Reflect  .   (no cloak)
rCorr    .         Harm     .   (no gloves)
MR       .....                  (no boots)
Stlth    ++........             (no amulet)
Regen    0.1/turn               k - ring of protection from cold
MPRegen  0.1/turn               (no ring)

@: very slightly contaminated
A: claws 1, cold resistance 1
a: no special abilities


You were on level 2 of the Dungeon.
You were not hungry.

You visited 1 branch of the dungeon, and saw 2 of its levels.

You collected 89 gold pieces.

Inventory:

Hand Weapons
 e - a +0 dagger (weapon)
Armour
 a - a +0 robe (worn)
Jewellery
 k - a ring of protection from cold (left claw)
Scrolls
 i - a scroll of enchant armour {unknown}
 j - a scroll of identify
Potions
 f - 2 potions of agility
Books
 b - a book of Flames

   Spells                             Type                      Level
   a - Flame Tongue                   Conjuration/Fire             1
   b - Throw Flame                    Conjuration/Fire             2
   c - Conjure Flame                  Conjuration/Fire             3
   d - Inner Flame                    Hexes/Fire                   3
   e - Sticky Flame                   Conjuration/Fire             4
   f - Fireball                       Conjuration/Fire             5
Comestibles
 c - a bread ration
 d - a royal jelly
 h - 2 meat rations


   Skills:
 + Level 0.1 Short Blades
 + Level 2.2 Dodging
 + Level 1.7 Stealth
 + Level 2.5 Spellcasting
 + Level 1.1 Conjurations
 + Level 3.1 Fire Magic


You had 6 spell levels left.
You knew the following spells:

 Your Spells              Type           Power        Failure   Level  Hunger
a - Flame Tongue          Conj/Fire      #....        9%          1    #......


Dungeon Overview and Level Annotations

Branches:
Dungeon (2/15)

Altars:


Innate Abilities, Weirdness & Mutations

You have sharp fingernails.
Your flesh is cold resistant. (rC+)


Message History

The goblin hits you with a dagger.
You hit the goblin.
The goblin is severely wounded.
The goblin hits you but does no damage.
You hit the goblin but do no damage.
The goblin is severely wounded.
The goblin misses you.
You hit the goblin but do no damage.
The goblin is severely wounded.
The goblin hits you with a dagger.
* * * LOW HITPOINT WARNING * * *
You hit the goblin.
You kill the goblin!
The orc throws a stone.
The stone barely misses you. The orc hits you with a whip.
* * * LOW HITPOINT WARNING * * *
Items here: ( )) † a dagger x2; 21 stones; a goblin corpse You barely miss the orc.
The orc hits you with a whip.
You die...

#..o.g..g.....#
#..######.###(# #####
#..# ## ##.##(#
##...###### #.g#
#..###g#.#
##.....#....
#..####...#.#.#
#.....†.....
#.g##8..##.##.#
#......#..##
#.o#8#....#.#.#
#.#...##..#
#..#..#...###)#
#.######..#
#........g.##@# #.#
#..# #..#..###og##o#
#.# #..#
#..#.###.#..#)### #.#
#).#
#..###.####...#.# #.#
#.)#
#..##.....###..#.##.#
#..##
#.............###.#)#
#.... #............##
##..# ##.##
#############.###.###
#.# ##.#.## #.#


You could see an orc.

Vanquished Creatures
  A leopard gecko (D:2)
  2 orcs (D:2)
  5 goblins
  10 hobgoblins
  2 jackals (D:1)
  2 bats (D:1)
  A frilled lizard (D:1)
  4 kobolds
  4 rats
31 creatures vanquished.

Notes
Turn   | Place    | Note
-------+----------+-------------------------------------------
     0 | D:1      | darkhara the Demonspawn Fire Elementalist began the quest for the Orb.
     0 | D:1      | Reached XP level 1. HP: 13/13 MP: 3/3
    59 | D:1      | Reached skill level 3 in Fire Magic
   126 | D:1      | Gained mutation: You have sharp fingernails. [demonic ancestry]
   126 | D:1      | Reached XP level 2. HP: 16/19 MP: 0/5
  1058 | D:2      | Gained mutation: Your flesh is cold resistant. (rC+) [demonic ancestry]
  1058 | D:2      | Reached XP level 3. HP: 13/24 MP: 3/6
  1098 | D:2      | Slain by an orc

Skill      XL: |  1  2 |
---------------+-------+-----
Fire Magic     | 3 |  3.1
Dodging        | 2 |  2.2
Short Blades   | |  0.1
Stealth        | |  1.7
Spellcasting   | |  2.5
Conjurations   | |  1.1

Action                   || total
-------------------------++-------
Melee: Unarmed           ||    13
       Dagger            ||    54
 Cast: Flame Tongue      ||    47
  Use: Potion            ||     2
       Scroll            ||     1
  Eat: Fruit             ||     2
Armor: Robe              ||    12
Dodge: Dodged            ||    62
